Unix NetHack Version 3.7.0-88 Work-in-progress - last build Aug 1 2023 00:06:55 (6c2538ef3b57905bfe3a9f43e533da77bea2ed47,branch:master). Game began 2023-08-01 06:29:04, ended 2023-08-01 08:38:05. Arasaka, neutral male human Tourist ------- ------ |......######## ########### ------- |.)... |..<..|#################################-.....| |....| |.....+# ### |..>..| |....| |).).)|# ------------- ####......| |....-### |)....|## |C.........C| |.....| |....| ###|.....|### |.....C.....| ------- ---|-- ##-------# ) |...-----...| ## ###############|...|.{.|...| # #|..C|{.{.C..| # #-...|.{.|...| ###########0 #|...-----...| ------.- #|.....C.....| |......| #|C.........C| --------- |.......##### #------------- ####-....f@.| |`[....| #)########################## |....@..| -------- ############# ####### |.......| --------- Arasaka the Excursionist St:13 Dx:17 Co:15 In:14 Wi:9 Ch:12 Neutral Dlvl:8 $:233 HP:34(46) Pw:21(21) AC:10 Xp:6/439 T:5719 Latest messages: You pass out from exertion! You can move again. You pass out from exertion! You dream that you hear a door open. You can move again. You pass out from exertion! You can move again. You pass out from exertion! You can move again. You pass out from exertion! You can move again. You pass out from exertion! You can move again. You pass out from exertion! You can move again. You pass out from exertion! You can move again. You pass out from exertion! You can move again. You pass out from exertion! You can move again. You pass out from exertion! You can move again. You pass out from exertion! You dream that you hear someone incant VAS CORP BET MANI. You can move again. You pass out from exertion! You can move again. You pass out from exertion! You can move again. You pass out from exertion! You can move again. You pass out from exertion! You can move again. You pass out from exertion! You are hit. You return to human form! Your movements are now unencumbered. The Green-elf throws a runed dagger! You are almost hit by a runed dagger. The Green-elf wields a runed broadsword! Behemoth misses the Green-elf. Behemoth misses the Green-elf. Behemoth bites the Green-elf. The Green-elf swings her runed broadsword at Behemoth. The Green-elf misses Behemoth. Behemoth misses the Green-elf. You can move again. # Really quit? [yn] (n) Inventory: Coins ('$') $ - 233 gold pieces Weapons (')') a - 27 uncursed +2 darts (at the ready) d - a blessed +1 aklys Comestibles ('%') f - 2 uncursed tacos O - an uncursed apple h - 3 uncursed cream pies b - 6 uncursed food rations t - an uncursed food ration v - 2 uncursed tripe rations S - an uncursed tin of broiled kobold meat e - an uncursed egg Potions ('!') g - 2 uncursed potions of extra healing c - a blessed potion of object detection Wands ('/') R - an uncursed wand of cold (0:4) J - an uncursed wand of enlightenment (0:10) L - an uncursed wand of light (0:10) Tools ('(') Z - an uncursed bag of tricks (0:11) r - an uncursed tooled horn k - an uncursed credit card j - an uncursed expensive camera (0:67) B - an uncursed leash C - an uncursed lock pick Y - an uncursed lock pick u - an uncursed skeleton key y - an uncursed tin whistle l - an uncursed towel Gems/Stones ('*') q - an uncursed worthless piece of blue glass V - an uncursed worthless piece of white glass Arasaka the Tourist's attributes: Background: You were an Excursionist, a level 6 male human Tourist. You were neutral, on a mission for The Lady who was opposed by Blind Io (lawful) and Offler (chaotic). You were in the Dungeons of Doom, on level 8. You entered the dungeon 5719 turns ago. There was a full moon in effect when your adventure ended. You had 439 experience points, 201 more were needed to attain level 7. Basics: You had 34 out of 46 hit points. You had all 21 energy points (spell power). Your armor class was 10. Your wallet contained 233 zorkmids. Autopickup was on for '$"?' plus thrown, with exceptions. Final Characteristics: Your strength was 13 (limit:18/100). Your dexterity was 17 (limit:18). Your constitution was 15 (limit:18). Your intelligence was 14 (limit:18). Your wisdom was 9 (limit:18). Your charisma was 12 (limit:18). Final Status: You were not hungry. You were unencumbered. You were bare handed. You had basic skill with bare handed combat. You were not wearing any armor. Final Attributes: You were piously aligned. You were lucky. You survived. Miscellaneous: You disabled loading of bones levels. Total elapsed playing time was 35 minutes and 25 seconds. Major events: Turn 1: Arasaka the neutral male human Tourist entered the dungeon 1280: entered the Gnomish Mines 1672: attained the rank of Sightseer (level 3) 4683: attained the rank of Excursionist (level 6) 5719: quit Vanquished creatures: a leprechaun a dingo a plains centaur an ape a rope golem a Woodland-elf a mountain nymph 2 Uruk-hai 2 rock piercers a pony a yellow light 2 shriekers a violet fungus a gnomish wizard a paper golem a floating eye a kitten 2 dwarves a centipede 4 iguanas a hobbit 2 manes 2 hobgoblins a giant rat 4 cave spiders a yellow mold a red mold a garter snake 4 gnome zombies 4 geckos 15 jackals a fox 2 kobolds 4 sewer rats 6 grid bugs 2 lichens 12 newts 90 creatures vanquished. No species were genocided or became extinct. Voluntary challenges: You read items or engraved 8 times. You engraved Elbereth 4 times. You never genocided any monsters. You never polymorphed an object. You used no wishes. Achievements: You entered a shop. You entered the Gnomish Mines. You attained the rank of Sightseer. You attained the rank of Excursionist. The Dungeons of Doom: levels 1 to 9 Level 1: Level 2: A general store. Level 3: Some fountains. Stairs down to The Gnomish Mines. Level 4: "s" Level 5: "s" Level 6: Some fountains, a grave. Level 7: A fountain. Level 8: <- You were here. Many fountains. Level 9: The Gnomish Mines: Level 4: Aloha Arasaka the Tourist... You quit in The Dungeons of Doom on dungeon level 8 with 2186 points, and 233 pieces of gold, after 5719 moves. You were level 6 with a maximum of 46 hit points when you quit.